 Dungeon Crawl Stone Soup version 0.27-a0-1196-g3e9cee4cb2 (webtiles) character file.

Game seed: 11010123684311244692

162967 pokeman the Sorcerer (level 16, -8/96 HPs)
             Began as a Deep Elf Hedge Wizard on May 29, 2021.
             Was a High Priest of Vehumet.
             Hit by a large rock thrown by a cyclops (26 damage)
             ... on level 4 of the Shoals.
             The game lasted 02:21:45 (44926 turns).

pokeman the Sorcerer (Deep Elf Hedge Wizard)       Turns: 44926, Time: 02:21:46

Health: -8/96      AC: 15    Str: 14    XL:     16   Next: 97%
Magic:  18/45      EV: 12    Int: 33    God:    Vehumet [*****.]
Gold:   1966       SH: 10    Dex: 14    Spells: 26/61 levels left

rFire    + . .     SeeInvis .   F - +8 war axe of the Rattlesnake {vorpal, rC+ Str+3}
rCold    . . .     Faith    .   i - +0 buckler of Chimes {Fly rC+ Str+4}
rNeg     . . .     Spirit   .   R - +0 troll leather armour
rPois    .         Reflect  +   S - +2 helmet "Megeromi" {rElec rC- rCorr}
rElec    +         Harm     .   q - +2 cloak
rCorr    +         Rampage  .   O - +0 pair of gloves
Will     +....                  k - +1 pair of boots
Stlth    ++........             t - amulet of reflection
HPRegen  1.26/turn              y - +6 ring of intelligence
MPRegen  0.29/turn              D - ring of fire

@: flying, studying Axes
A: no striking features
}: 1/15 runes: barnacled
a: Renounce Religion


You were on level 4 of the Shoals.
You worshipped Vehumet.
Vehumet was extremely pleased with you.
You visited 5 branches of the dungeon, and saw 28 of its levels.

You collected 2581 gold pieces.
You spent 615 gold pieces at shops.

Inventory:

Hand Weapons
 b - the +10 shortbow "Efiesch" {venom, Dex+4}
   (You found it on level 5 of the Lair of Beasts)

   It poisons the ammo it fires.
   It affects your dexterity (+4).
 C - a +0 hand crossbow
 F - the +8 war axe of the Rattlesnake (weapon) {vorpal, rC+ Str+3}
   (You found it on level 7 of the Dungeon)

   It inflicts extra damage upon your enemies.
   It affects your strength (+3).
   It protects you from cold.
Missiles
 a - 134 bolts
 d - 265 arrows
 j - 7 atropa-tipped darts
 r - 2 throwing nets
Armour
 i - the +0 buckler of Chimes (worn) {Fly rC+ Str+4}
   (You bought it in a shop on level 2 of the Orcish Mines)

   It affects your strength (+4).
   It protects you from cold.
   It grants you flight.
 k - a +1 pair of boots (worn)
 l - a +1 helmet
 q - a +2 cloak (worn)
 s - a scarf of resistance
 v - the +1 robe of Lugonu {rF+ rC+ Int+4}
   (You took it off a vampire on level 13 of the Dungeon)

   It affects your intelligence (+4).
   It protects you from fire.
   It protects you from cold.
 O - a +0 pair of gloves (worn)
 R - a +0 troll leather armour (worn)
 S - the +2 helmet "Megeromi" (worn) {rElec rC- rCorr}
   (You found it on level 12 of the Dungeon)

   It makes you vulnerable to cold.
   It insulates you from electricity.
   It protects you from acid and corrosion.
Jewellery
 o - an amulet of the acrobat
 t - an amulet of reflection (around neck)
 x - an amulet of faith
 y - a +6 ring of intelligence (left hand)
 D - a ring of fire (right hand)
Wands
 c - a wand of digging (4)
 h - a wand of acid (25)
 E - a wand of paralysis (6)
Scrolls
 m - 2 scrolls of blinking {unknown}
 u - 9 scrolls of teleportation
 B - a scroll of enchant armour
 G - 10 scrolls of identify
 N - 5 scrolls of magic mapping
Potions
 f - 6 potions of curing
 g - a potion of magic
 n - 3 potions of heal wounds
 w - a potion of invisibility
 z - a potion of haste
 A - a potion of berserk rage
Miscellaneous
 e - a condenser vane
 p - a lightning rod (4/4)
 Q - a piece from Xom's chessboard (15/15)


   Skills:
 - Level 9.0 Fighting
 + Level 7.1 Armour
 - Level 3.0 Dodging
 - Level 3.2 Stealth
 - Level 4.0 Shields
 * Level 23.1 Spellcasting
 + Level 14.8 Conjurations
 - Level 1.1 Summonings
 - Level 1.1 Translocations
 + Level 14.5 Fire Magic
 - Level 1.0 Ice Magic
 - Level 1.0 Air Magic
 - Level 1.0 Earth Magic
 - Level 1.0 Poison Magic
 - Level 1.0 Evocations


You had 26 spell levels left.
You knew the following spells:

 Your Spells              Type           Power      Damage    Failure   Level
a - Magic Dart            Conj           100%       1d8       0%          1
b - Mephitic Cloud        Conj/Pois/Air  66%        N/A       1%          3
c - Call Imp              Summ           45%        N/A       1%          2
d - Blink                 Tloc           N/A        N/A       1%          2
e - Conjure Flame         Conj/Fire      100%       6-21      0%          3
f - Foxfire               Conj/Fire      100%       2x1d9     0%          1
g - Iron Shot             Conj/Erth      37%        9d7       1%          6
h - Swiftness             Air            44%        N/A       1%          3
i - Shock                 Conj/Air       100%       1d9       1%          1
j - Apportation           Tloc           90%        N/A       1%          1
k - Freezing Cloud        Conj/Ice/Air   33%        6-21      4%          6
l - Starburst             Conj/Fire      58%        8x6d15    1%          6

Your spell library contained the following spells:

 Spells                   Type           Power      Damage    Failure   Level
 Bolt of Magma            Conj/Fire/Erth 51%        4d21      1%          5
 Searing Ray              Conj           100%       3d7       0%          2
 Animate Skeleton         Necr           76%        N/A       1%          1
 Corona                   Hex            42%        N/A       1%          1
 Summon Small Mammal      Summ           100%       N/A       1%          1
 Corpse Rot               Necr/Air       N/A        N/A       1%          2
 Poisonous Vapours        Pois/Air       88%        N/A       1%          2
 Slow                     Hex            38%        N/A       1%          2
 Static Discharge         Conj/Air       74%        N/A       1%          2
 Dazzling Flash           Conj/Hex       100%       N/A       1%          3
 Inner Flame              Hex/Fire       92%        N/A       1%          3
 Stone Arrow              Conj/Erth      100%       3d13      1%          3
 Airstrike                Air            22%        N/A       1%          4
 Fulminant Prism          Conj/Hex       36%        3d18      1%          4
 Iskenderun's Mystic Bla  Conj/Tloc      74%        2d15      1%          4
 Lightning Bolt           Conj/Air       37%        1d55      1%          5
 Portal Projectile        Hex/Tloc       82%        N/A       2%          3
 Leda's Liquefaction      Hex/Erth       20%        N/A       7%          4
 Yara's Violent Unravell  Hex/Tmut       19%        3d9       7%          5
 Spellforged Servitor     Conj/Summ      37%        N/A       8%          7
 Cause Fear               Hex            19%        N/A       9%          4
 Summon Forest            Summ/Tloc      22%        N/A       16%         5
 Silence                  Hex/Air        20%        N/A       21%         5
 Hydra Form               Tmut           19%        N/A       24%         5
 Eringya's Noxious Bog    Tmut/Pois      20%        N/A       28%         6
 Summon Hydra             Summ           22%        N/A       99%         7
 Discord                  Hex            19%        N/A       100%        8


Dungeon Overview and Level Annotations

Branches:
Dungeon (15/15) Temple (1/1) D:4 Lair (6/6) D:10 Shoals (4/4) Lair:4 Snake (0/4) Lair:3 Slime (0/5) Lair:5 Orc (2/2) D:9 Elf (0/3) Orc:2 Vaults (0/5) D:13 D:14 Depths (0/5) D:15

Altars:
Ashenzari
Cheibriados
Dithmenos
Elyvilon
Fedhas
Gozag
Hepliaklqana
Kikubaaqudgha
Makhleb
Nemelex Xobeh
Okawaru
Qazlal
Ru
Sif Muna
Trog
Uskayaw
Vehumet
Wu Jian
Xom
Yredelemnul
Zin
The Shining One
Beogh

Shops:
D:3 *:   D:11 =   Orc:1 !   Orc:2 [(([

Portals:
Trove: D:15 (give +3 storm dragon scales)


Message History

That beam is likely to hit you.
Continue anyway?
The harpy is engulfed in freezing vapours.
The harpy claws you! The harpy barely misses you.
The harpy is engulfed in freezing vapours.
The merfolk impaler is engulfed in freezing vapours.
The harpy is engulfed in freezing vapours.
The merfolk impaler is engulfed in freezing vapours.
You kill the merfolk impaler!
Vehumet accepts your kill.
Unknown command.
Unknown command.
Casting: Freezing Cloud (dangerous; 4% risk of failure)
Confirm with . or Enter, or press ? or * to list all spells.
Aiming: Iron Shot (dangerous; 1% risk of failure)
Press: ? - help, Shift-Dir - straight line, f - alligator snapping turtle
Aim: an alligator snapping turtle (freezing vapour, heavily wounded, slow, 100% to hit)
The iron shot hits the alligator snapping turtle!!
The alligator snapping turtle is severely wounded.
The harpy is engulfed in freezing vapours.
The harpy claws you but does no damage. x2
The harpy is engulfed in freezing vapours.
The alligator snapping turtle is engulfed in freezing vapours.
The alligator snapping turtle bites you from afar!!
* * * LOW HITPOINT WARNING * * *
Unknown command.
Unknown command.
You barely miss the harpy.
The harpy is heavily wounded.
The cyclops shouts!
The harpy is engulfed in freezing vapours.
The harpy claws you but does no damage. The harpy barely misses you.
The harpy is engulfed in freezing vapours.
The harpy closely misses you. You block the harpy's attack.
The harpy is engulfed in freezing vapours.
A wind drake comes into view.
The harpy claws you!
* * * LOW HITPOINT WARNING * * *
You block the harpy's attack.
The cyclops throws a large rock.
The large rock hits you!!
You die...

≈≈≈≈≈...≈P....≈≈≈ ≈. #≈.....
≈≈≈≈≈.........≈≈≈# #≈#§ ≈ ##.....
.≈≈≈≈≈†.........≈# ≈≈§ .≈ #.....
..≈≈≈≈...........# .§#§# ##.....
....†≈≈≈......§..# §§§≈ #≈.....
...<.≈≈≈≈.....§§§##§§ ###.....
.....≈≈≈≈...<.§§§§t# ####.......
.....≈≈≈≈.....§§§§§####≈#.......≈
....≈≈≈≈≈≈###≈≈.@H.............≈≈
......≈≈### ###≈≈≈≈............≈≈
......### #≈≈#≈≈≈............≈≈
......## ≈≈≈≈##≈≈..............
.......# #≈#≈ #≈≈≈.............
......## k≈ ≈≈ #≈≈≈≈........≈≈...
...≈≈.# C ≈# #≈≈≈.........≈≈...
≈≈≈≈≈≈# ≈≈ #≈........≈≈≈≈≈...
≈≈≈≈≈≈### ##≈≈≈≈≈≈≈≈≈≈≈≈≈≈...


You could see an alligator snapping turtle (slow), a wind drake (wandering,
repels missiles), a cyclops and a harpy.

Vanquished Creatures
  Rupert (D:13)
  A titan (Shoals:2)
  A kraken (Shoals:2)
  Kirke (D:13)
  A frost giant (Shoals:2)
  A stone giant (Shoals:2)
  The ghost of Aguent the Cleaver, a journeyman DsBe of Trog (Lair:5)
  Azrael (D:15)
  2 fire dragons (Lair:6)
  4 merfolk impalers
  Josephine (D:10)
  10 hydras
  4 ogre magi (Orc:2)
  4 centaur warriors
  A catoblepas (D:13)
  A boulder beetle (D:15)
  A death knight (D:15)
  Erica (D:11)
  5 merfolk aquamancers
  11 two-headed ogres
  3 alligator snapping turtles
  A satyr (Shoals:3)
  Urug (D:14)
  5 death yaks (Lair:4)
  A vampire mage (D:15)
  Sonja (D:13)
  A fire crab (Lair:6)
  7 sea snakes
  8 skeletal warriors (D:15)
  A kraken simulacrum (Shoals:4)
  A lindwurm (Lair:6)
  Pikel (D:4)
  A tengu zombie (D:15)
  13 harpies
  3 deep elf pyromancers
  A fire giant zombie (D:15)
  10 cyclopes
  2 oklob plants (Shoals:3)
  A necromancer (D:15)
  7 fauns
  4 ugly things
  8 manticores
  12 elephants
  A frost giant zombie (D:15)
  11 merfolk sirens
  A gargoyle (D:14)
  3 black mambas
  5 water nymphs
  Joseph (D:7)
  2 molten gargoyles (Lair:6)
  13 cane toads
  A cane toad (shapeshifter) (D:13)
  A torpor snail (Lair:5)
  A kobold demonologist (D:13)
  2 unseen horrors
  12 rime drakes
  12 komodo dragons
  An efreet (D:15)
  3 freezing wraiths
  A tengu conjurer (D:15)
  8 trolls
  30 merfolk
  A queen bee (D:10)
  A wolf spider simulacrum (D:15)
  Grinder (D:4)
  6 wind drakes
  7 blink frogs
  16 dream sheep
  11 snapping turtles
  Sigmund (D:4)
  3 slime creatures (D:14)
  2 shadows
  5 wyverns
  6 water elementals
  2 vampires
  2 hogs (D:13)
  6 wraiths
  73 yaks
  16 humans
  11 steam dragons (Lair:6)
  Eustachio (D:4)
  2 chaos spawn (D:9)
  12 vampire mosquitoes
  A basilisk (shapeshifter) (D:14)
  7 fire elementals
  9 basilisks
  Edmund (D:4)
  The ghost of oc3rt the Sneak, an amateur KoBr (D:3)
  3 nagas (Lair:3)
  15 water moccasins
  2 wargs (Orc:2)
  5 hell hounds
  Duvessa (D:6)
  15 orc warriors
  2 black bears
  3 ice beasts
  4 sky beasts
  26 ogres
  3 necrophages
  11 wolves
  3 boggarts (D:14)
  6 centaurs
  A phantom (D:4)
  5 kobold brigands
  2 lemures (D:4)
  A gnoll sergeant (D:12)
  8 bullfrogs
  2 scorpions
  2 wyvern zombies (D:7)
  A water moccasin skeleton (D:5)
  Dowan (D:6)
  22 killer bees (D:10)
  12 wights
  3 howler monkeys (D:10)
  2 electric eels
  5 lava snakes (Lair:6)
  4 hounds
  A human zombie (D:7)
  3 jellies (Lair:5)
  Crazy Yiuf (D:5)
  A bullfrog skeleton (D:7)
  12 orc priests
  5 centaur zombies
  A centaur skeleton (D:4)
  3 iguanas
  Natasha (thrice) (D:4)
  15 orc wizards
  A killer bee zombie (D:5)
  3 mummies (D:7)
  2 howler monkey zombies (D:7)
  10 gnolls
  A howler monkey skeleton (D:7)
  7 adders
  A white imp (D:6)
  A dart slug (D:1)
  37 orcs
  4 bats
  6 endoplasms
  8 giant cockroaches
  6 hobgoblins
  11 jackals
  25 kobolds
  2 quokkas
  5 ball pythons
  7 frilled lizards
  14 goblins
  5 rats
  A foxfire (Orc:2)
  2 tentacles (Shoals:2)
833 creatures vanquished.

Vanquished Creatures (collateral kills)
  A yak (D:9)
  3 killer bees (D:10)
  A gnoll (D:6)
  6 foxfires
11 creatures vanquished.

Vanquished Creatures (others)
  A cane toad (Lair:5)
  A blink frog (Lair:5)
  A deep troll skeleton (D:15)
  A human (D:13)
  A killer bee (D:10)
  5 bushes
  664 foxfires
  49 fungi
  173 plants
  10 tentacles
  7 withered plants
913 creatures vanquished.

Grand Total: 1757 creatures vanquished

Notes
Turn   | Place    | Note
-------+----------+-------------------------------------------
     0 | D:1      | pokeman the Deep Elf Hedge Wizard began the quest for the
                  | Orb.
     0 | D:1      | Reached XP level 1. HP: 10/10 MP: 7/7
   291 | D:1      | Reached XP level 2. HP: 13/16 MP: 5/9
   857 | D:1      | Reached skill level 5 in Spellcasting
  1058 | D:1      | Found a faded altar of an unknown god.
  1387 | D:2      | Reached XP level 3. HP: 20/20 MP: 9/11
  1391 | D:2      | Learned a level 3 spell: Mephitic Cloud
  1394 | D:2      | Learned a level 2 spell: Call Imp
  1397 | D:2      | Learned a level 2 spell: Blink
  1401 | D:2      | Learned a level 3 spell: Conjure Flame
  1906 | D:2      | Reached skill level 1 in Armour
  1995 | D:2      | Reached skill level 1 in Fighting
  2530 | D:3      | Found Vinuf's Book Shoppe.
  2553 | D:3      | Found Aserahuo's Assorted Antiques.
  2635 | D:3      | Found a transporter.
  2635 | D:3      | Noticed oc3rt's ghost (amateur KoBr)
  2637 | D:3      | Found a transporter.
  2639 | D:3      | Noticed a sky beast
  2740 | D:3      | Killed a sky beast
  2741 | D:3      | Reached skill level 1 in Shields
  2741 | D:3      | Reached skill level 6 in Spellcasting
  2741 | D:3      | Reached XP level 4. HP: 22/25 MP: 8/14
  2741 | D:3      | Reached XP level 5. HP: 26/29 MP: 8/15
  3124 | D:4      | Found a staircase to the Ecumenical Temple.
  3133 | Temple   | Entered the Ecumenical Temple
  3533 | D:4      | Reached skill level 1 in Fire Magic
  3971 | D:4      | Found a sacrificial altar of Ru.
  3971 | D:4      | Found an iron altar of Okawaru.
  3973 | D:4      | Found a stormy altar of Qazlal.
  3973 | D:4      | Found a shimmering altar of Xom.
  3975 | D:4      | Found an opulent altar of Gozag.
  3975 | D:4      | Found a bloodstained altar of Trog.
  3988 | D:4      | Noticed an ogre
  3991 | D:4      | Noticed Natasha
  3998 | D:4      | Killed an ogre
  3999 | D:4      | Reached skill level 7 in Spellcasting
  3999 | D:4      | Reached XP level 6. HP: 34/34 MP: 7/18
  4016 | D:4      | Killed Natasha
  4102 | D:4      | Noticed Natasha
  4113 | D:4      | Killed Natasha
  4200 | D:4      | Reached skill level 1 in Air Magic
  4200 | D:4      | Reached skill level 1 in Evocations
  4478 | D:4      | Noticed Natasha
  4482 | D:4      | Killed Natasha
  4671 | D:4      | Reached skill level 1 in Poison Magic
  4671 | D:4      | Reached XP level 7. HP: 36/38 MP: 14/20
  4683 | D:4      | Noticed Pikel
  4705 | D:4      | Killed Pikel
  4706 | D:4      | Reached skill level 8 in Spellcasting
  4931 | D:4      | Noticed Sigmund
  4944 | D:4      | Killed Sigmund
  4945 | D:4      | Reached skill level 9 in Spellcasting
  4945 | D:4      | Reached XP level 8. HP: 44/44 MP: 17/23
  5037 | D:5      | Entered Level 5 of the Dungeon
  5037 | D:5      | Noticed a troll
  5102 | D:5      | Noticed Edmund
  5276 | D:4      | Reached skill level 5 in Conjurations
  5420 | D:5      | Noticed Grinder
  5427 | D:5      | Noticed Eustachio
  5457 | D:4      | Paralysed by Grinder for 5 turns
  5490 | D:4      | Paralysed by Grinder for 2 turns
  5497 | D:4      | Killed Grinder
  5581 | D:4      | Killed Eustachio
  5688 | D:4      | Killed Edmund
  5689 | D:4      | Reached skill level 10 in Spellcasting
  5924 | D:5      | Found a runed translucent door.
  5925 | D:5      | Noticed Crazy Yiuf
  5939 | D:5      | Killed Crazy Yiuf
  6075 | D:5      | Killed a troll
  6076 | D:5      | Reached XP level 9. HP: 17/48 MP: 4/25
  7194 | D:6      | Reached skill level 11 in Spellcasting
  7359 | D:6      | Reached skill level 5 in Fire Magic
  7420 | D:6      | Learned a level 1 spell: Shock
  7424 | D:6      | Learned a level 3 spell: Swiftness
  7757 | D:6      | Noticed Dowan
  7759 | D:6      | Noticed Duvessa
  7773 | D:6      | Killed Dowan
  7791 | D:6      | Killed Duvessa
  8783 | D:7      | Identified the +8 war axe of the Rattlesnake {vorpal, rC+
                  | Str+3}
  8971 | D:7      | Reached skill level 12 in Spellcasting
  9137 | D:7      | Noticed Joseph
  9151 | D:7      | Killed Joseph
  9152 | D:7      | Reached XP level 10. HP: 55/55 MP: 19/28
  9283 | D:7      | Found a hazy altar of Hepliaklqana.
  9997 | D:7      | Found a basalt altar of Yredelemnul.
 10452 | D:8      | Noticed a purple ugly thing
 10489 | D:8      | Killed a purple ugly thing
 10849 | D:8      | Reached skill level 13 in Spellcasting
 11444 | D:8      | Identified the +2 ring mail of the Swamp {Str+6}
 11751 | D:9      | Found a shimmering altar of Xom.
 11848 | D:9      | Found the +7 mace of Variability {chain chaos}
 11899 | D:9      | Found a blossoming altar of Fedhas.
 12363 | D:9      | Found a glowing golden altar of the Shining One.
 12363 | D:9      | Found a white marble altar of Elyvilon.
 12364 | D:9      | Found a glowing silver altar of Zin.
 12688 | D:9      | Identified the +1 scale mail of the Locust {rF+ rC- Dex+3}
 12739 | D:9      | Found a staircase to the Orcish Mines.
 12747 | D:9      | Reached XP level 11. HP: 60/60 MP: 24/30
 12775 | D:9      | Reached skill level 14 in Spellcasting
 13147 | D:10     | Entered Level 10 of the Dungeon
 13190 | D:10     | HP: 3/60 [something (9)]
 14182 | D:10     | Found a radiant altar of Vehumet.
 14194 | D:10     | Became a worshipper of Vehumet
 14448 | D:10     | Reached skill level 15 in Spellcasting
 14632 | D:10     | Found a staircase to the Lair.
 14820 | D:10     | Noticed Josephine
 14822 | D:10     | Killed Josephine
 15544 | D:11     | Noticed Erica
 15554 | D:11     | Killed Erica
 15795 | D:11     | Found Ubuemp's Jewellery Emporium.
 15981 | D:11     | Reached XP level 12. HP: 62/67 MP: 25/33
 15981 | D:11     | Reached * piety under Vehumet
 15981 | D:11     | Offered knowledge of Sandblast by Vehumet.
 16168 | D:11     | Found a stormy altar of Qazlal.
 16178 | D:11     | Noticed a two-headed ogre
 16186 | D:11     | Killed a two-headed ogre
 16751 | D:12     | Identified the +2 helmet "Megeromi" {rElec rC- rCorr}
 16810 | D:12     | Reached skill level 5 in Fighting
 16940 | D:12     | Reached skill level 16 in Spellcasting
 17003 | D:12     | Reached skill level 10 in Conjurations
 18412 | D:12     | Found a hazy altar of Hepliaklqana.
 18709 | D:13     | Noticed Rupert
 18779 | Lair:1   | Entered Level 1 of the Lair of Beasts
 19067 | Lair:1   | Noticed a four-headed hydra
 19105 | Lair:1   | Identified the ring "Esadinatz" {rF- rCorr Str+6 Int+4
                  | Dex+3}
 19158 | D:10     | Killed a six-headed hydra
 19399 | Lair:1   | Identified Iqotiuz's Volume of Attacks
 19408 | Lair:1   | Learned a level 6 spell: Iron Shot
 19422 | Lair:1   | Noticed an eight-headed hydra
 19445 | Lair:1   | Killed a nine-headed hydra
 19450 | Lair:1   | Reached skill level 1 in Earth Magic
 19817 | Lair:1   | Reached skill level 5 in Armour
 19820 | Lair:1   | Reached skill level 17 in Spellcasting
 19820 | Lair:1   | Reached skill level 10 in Fire Magic
 20873 | Lair:2   | Noticed a six-headed hydra
 20950 | Lair:2   | Noticed a four-headed hydra
 20963 | Lair:2   | HP: 3/68 [six-headed hydra (2)]
 20964 | Lair:2   | Noticed a seven-headed hydra
 21125 | Lair:2   | Offered knowledge of Foxfire by Vehumet.
 21128 | Lair:2   | Learned a level 1 spell: Foxfire
 21134 | Lair:2   | Reached ** piety under Vehumet
 21135 | Lair:2   | Reached XP level 13. HP: 49/72 MP: 34/36
 22147 | Lair:3   | Offered knowledge of Inner Flame by Vehumet.
 22422 | Lair:3   | Found a staircase to the Snake Pit.
 22490 | Lair:3   | Reached skill level 18 in Spellcasting
 22600 | Lair:3   | Reached *** piety under Vehumet
 22841 | Lair:3   | Learned a level 1 spell: Apportation
 23675 | Lair:4   | Offered knowledge of Sticky Flame by Vehumet.
 23950 | Lair:4   | Found a staircase to the Shoals.
 24616 | Lair:5   | Found a staircase to the Slime Pits.
 25150 | Lair:5   | Identified the +1 leather armour "Vyhumono" {rPois rN+
                  | Will+}
 25168 | Lair:5   | Reached XP level 14. HP: 70/79 MP: 23/38
 25561 | Lair:5   | Found a runed translucent door.
 25562 | Lair:5   | Noticed Aguent's ghost (journeyman DsBe)
 25729 | Lair:6   | Entered Level 6 of the Lair of Beasts
 25743 | Lair:6   | Reached skill level 19 in Spellcasting
 25763 | Lair:5   | Reached **** piety under Vehumet
 26116 | Lair:6   | Offered knowledge of Lee's Rapid Deconstruction by Vehumet.
 27206 | Lair:6   | Identified the +6 longbow "Koarchaz" {speed, Fly rElec
                  | Str-4 Int-5}
 27257 | Lair:6   | Reached ***** piety under Vehumet
 27257 | Lair:6   | Offered knowledge of Conjure Ball Lightning by Vehumet.
 28656 | Lair:6   | Found a large runed translucent door.
 28656 | Lair:6   | Found a large runed translucent door.
 28660 | Lair:6   | Reached skill level 20 in Spellcasting
 29316 | Lair:6   | Identified the +10 falchion of Beogh's Favour {vorpal,
                  | rPois rC+ MP-9}
 29918 | D:3      | Killed oc3rt's ghost
 30300 | Lair:5   | Killed Aguent's ghost
 30434 | Lair:5   | Identified the +10 shortbow "Efiesch" {venom, Dex+4}
 30639 | Orc:1    | Entered Level 1 of the Orcish Mines
 30762 | Orc:1    | Found Orphor's Distillery.
 30766 | Orc:1    | Bought a potion of magic for 112 gold pieces
 31022 | Orc:2    | Entered Level 2 of the Orcish Mines
 31024 | Orc:2    | Found a staircase to the Elven Halls.
 31384 | Orc:2    | Reached XP level 15. HP: 74/86 MP: 31/41
 31492 | Orc:2    | Found Sidomuw's Antique Armour Shoppe.
 31492 | Orc:2    | Found Rotach's Weapon Boutique.
 31492 | Orc:2    | Found Erisol's Antique Weapon Boutique.
 31492 | Orc:2    | Found Xesemp's Antique Armour Emporium.
 31507 | Orc:2    | Bought a jewelled buckler for 323 gold pieces
 31507 | Orc:2    | Identified the +0 buckler of Chimes {Fly rC+ Str+4} (You
                  | bought it in a shop on level 2 of the Orcish Mines)
 31509 | Orc:2    | Bought a pair of runed boots for 180 gold pieces
 32579 | D:13     | Paralysed by Rupert for 2 turns
 32582 | D:13     | Killed Rupert
 33179 | D:13     | Noticed Kirke
 33191 | D:13     | Killed Kirke
 33283 | D:13     | Offered knowledge of Freezing Cloud by Vehumet.
 33302 | D:13     | Learned a level 6 spell: Freezing Cloud
 33490 | D:13     | Noticed Sonja
 33493 | D:13     | Killed Sonja
 33590 | D:13     | Identified the +1 robe of Lugonu {rF+ rC+ Int+4}
 33751 | D:14     | Found a gate to the Vaults.
 33751 | D:14     | Noticed Urug
 33775 | D:13     | Reached skill level 1 in Ice Magic
 33916 | D:13     | Reached skill level 21 in Spellcasting
 34179 | D:14     | Killed Urug
 35319 | D:15     | Entered Level 15 of the Dungeon
 35668 | D:15     | Noticed Azrael
 35674 | D:15     | Killed Azrael
 36592 | D:15     | Found a staircase to the Depths.
 37437 | D:15     | Found a portal to a secret trove of treasure.
 38044 | Shoals:1 | Entered Level 1 of the Shoals
 38921 | Shoals:1 | Offered knowledge of Starburst by Vehumet.
 38928 | Shoals:1 | Reached XP level 16. HP: 90/94 MP: 15/43
 38935 | Shoals:1 | Learned a level 6 spell: Starburst
 40076 | Shoals:2 | Noticed a kraken
 40085 | Shoals:2 | Reached skill level 22 in Spellcasting
 40093 | Shoals:2 | Killed a kraken
 41342 | Shoals:2 | Noticed a titan
 41344 | Shoals:2 | Found the +10 tower shield of Ignorance {rN+ Int-4}
 41365 | Shoals:2 | Killed a titan
 42042 | Shoals:3 | Found a broken altar of Ashenzari.
 42903 | Shoals:3 | Found a hazy altar of Hepliaklqana.
 43717 | Shoals:4 | Entered Level 4 of the Shoals
 44269 | Shoals:4 | Offered knowledge of Bolt of Magma by Vehumet.
 44594 | Shoals:4 | Reached skill level 23 in Spellcasting
 44854 | Shoals:4 | Got a barnacled rune of Zot
 44926 | Shoals:4 | Hit by a large rock thrown by a cyclops

Illustrated notes

Levels and vault maps discovered:
D:1:      heliophobic_arrival_dark_side_of_the_moon, layout_basic,
          shapermc_ecumenical_altar_mp_vishouse, chequers_serial_rivers_small_3,
          fountainhead
D:2:      layout_loops_ring
D:3:      layout_rooms, gammafunk_ghost_arena, serial_shops, nicolae_shop_stone,
          nicolae_shop_statue_plus
D:4:      cheibrodos_greedy_goblins, layout_basic, grunt_temple_overflow_open,
          minmay_temple_entry_statues_fountains, uniq_pikel, uniq_natasha,
          uniq_sigmund
D:5:      layout_cave_pools, uniq_eustachio, uniq_crazy_yiuf_cottage,
          uniq_edmund, uniq_grinder
D:6:      layout_basic, minmay_misc_feat_tower, minivault_5, dk_vineyard_1,
          minmay_manual_mail, uniq_duvessa
D:7:      layout_basic, amcnicky_altar_gilded,
          lemuel_mausoleum_altar_yredelemnul, uniq_joseph
D:8:      layout_layer_cave, serial_glass, glass_columns_b, glass_columns_c
D:9:      layout_roguey, good_gods_temple_1, nicolae_overflow_crystal_walls,
          david_orc_5, minmay_guarded_unrand_variability
D:10:     layout_roguey [special_room_bee], nicolae_vehumet_radiance,
          minmay_lair_entry_grove, grunt_decor_resistance, chequers_big_river,
          uniq_josephine
D:11:     layout_irregular_city, minmay_shop_grid_forest,
          grunt_qazlal_sundering, uniq_erica
D:12:     layout_basic, drop_trap, worldfamousw_hep_ancestral_shrine
D:13:     layout_roguey, kennysheep_small_square, uniq_kirke, uniq_sonja,
          uniq_rupert
D:14:     layout_roguey, david_vaults_3, hangedman_decor_growths,
          roderic_lattice_a, drop_trap
D:15:     gammafunk_depths_entry_grave, layout_cave_pools,
          minmay_misc_feat_rows, nicolae_trove_entry_crystal, uniq_azrael
Temple:   compressed_dpeg_triangle_lava_temple
Lair:1:   layout_cave_shapes, grunt_megastairs_1
Lair:2:   layout_regular_city, lemuel_fruit_tree
Lair:3:   layout_gridlike, minmay_snake_entry_guardpost_small, minivault_26,
          minmay_holes
Lair:4:   layout_regular_city, shoals_dummy_entry, grunt_megastairs_5,
          serial_bayou_shore_b
Lair:5:   layout_loops_ring, nicolae_slime_entry_slimehenge,
          gammafunk_ghost_grave
Lair:6:   cheibrodos_lair_end_hotspot, layout_regular_city,
          bobbens_dragon_lair_wall
Shoals:1: layout_shoals
Shoals:2: cheibrodos_shoals_gigantism, layout_shoals, nicolae_shoals_wave_tunnel
Shoals:3: layout_shoals, nicolae_shoals_cliffside_cave,
          hangedman_feature_mirror, nicolae_shoals_this_corrosion
Shoals:4: shoals_end_grunt_ice, layout_shoals
Orc:1:    layout_caves, serial_shops, nicolae_shop_behind_doors, basic_altar
Orc:2:    st_orc_ogre_mass, layout_caves

Skill      XL: |  1  2  3  4  5  6  7  8  9 10 11 12 13 14 15 16 |
---------------+-------------------------------------------------+-----
Spellcasting   | 5 6 7 9 10 12 13 15 17 18 20 21 23 | 23.1
Armour         | 1 2 3 4 5 6 7 |  7.1
Fighting       | 1 2 3 4 5 7 8 9 |  9.0
Dodging        | 3 |  3.0
Shields        | 1 3 4 |  4.0
Conjurations   | 2 3 4 5 6 8 9 10 11 12 13 14 | 14.8
Fire Magic     | 1 3 4 5 7 8 10 11 12 13 14 | 14.5
Stealth        | 3 |  3.2
Air Magic      | 1 |  1.0
Evocations     | 1 |  1.0
Poison Magic   | 1 |  1.0
Earth Magic    | 1 |  1.0
Ice Magic      | 1 |  1.0
Summonings     | |  1.1
Translocations | |  1.1

Action                   |  1- 3 |  4- 6 |  7- 9 | 10-12 | 13-15 | 16-18 || total
-------------------------+-------+-------+-------+-------+-------+-------++-------
Melee: Dagger            |    30 |    30 |     6 |       |       |       ||    66
       Whip              |       |       |    67 |       |       |       ||    67
       War axe           |       |       |    13 |   205 |   226 |    12 ||   456
 Fire: Hand crossbow     |       |       |       |    82 |       |       ||    82
 Cast: Magic Dart        |   103 |    81 |   122 |    53 |     1 |       ||   360
       Conjure Flame     |     2 |     4 |    29 |    97 |    27 |       ||   159
       Mephitic Cloud    |       |     8 |    32 |    61 |    35 |     1 ||   137
       Call Imp          |       |     1 |    16 |    29 |    11 |       ||    57
       Blink             |       |       |    11 |    19 |    19 |       ||    49
       Shock             |       |       |    49 |   328 |     1 |       ||   378
       Swiftness         |       |       |       |     1 |     2 |       ||     3
       Foxfire           |       |       |       |     4 |   354 |     2 ||   360
       Iron Shot         |       |       |       |       |   369 |   159 ||   528
       Freezing Cloud    |       |       |       |       |    14 |    55 ||    69
       Starburst         |       |       |       |       |       |     1 ||     1
Evoke: Wand              |       |       |     2 |       |     2 |       ||     4
       Piece from Xom's  |       |       |       |     1 |       |       ||     1
  Use: Scroll            |       |       |       |    10 |    13 |       ||    23
 Stab: Confused          |       |     4 |    10 |    24 |    15 |       ||    53
       Sleeping          |       |       |     1 |     1 |       |       ||     2
       Distracted        |       |       |       |     1 |       |       ||     1
Armor: Robe              |     9 |       |       |       |       |       ||     9
       Leather armour    |     1 |    14 |    36 |    10 |       |       ||    61
       Ring mail         |       |       |       |   123 |       |       ||   123
       Troll leather arm |       |       |       |    12 |   207 |    18 ||   237
Dodge: Dodged            |    34 |    31 |    56 |   148 |   237 |    24 ||   530
Block: Buckler           |       |       |     5 |    53 |   196 |    29 ||   283
       Reflection        |       |       |       |       |    27 |     9 ||    36

Table legend: (Time is in decaauts)
 A = Elapsed time spent in this place.
 B = Non-inter-level travel time spent in this place.
 C = Inter-level travel time spent in this place.
 D = Time resting spent in this place.
 E = Time spent auto-exploring this place.
 F = Levels seen in this place.
 G = Mean time per level.
                   A        B        C        D        E       F      G
               +--------+--------+--------+--------+--------+-----+--------+
         Total |  45298 |  41713 |   3585 |   5258 |  29495 |  28 | 1617.8 |
       Dungeon |  25181 |  22934 |   2247 |   3036 |  15920 |  15 | 1678.7 |
        Temple |    346 |    318 |     28 |      0 |    205 |   1 |  346.0 |
          Lair |  11016 |   9957 |   1059 |    721 |   7358 |   6 | 1836.0 |
        Shoals |   6888 |   6782 |    106 |   1264 |   4794 |   4 | 1722.0 |
  Orcish Mines |   1866 |   1722 |    144 |    237 |   1217 |   2 |  933.0 |
               +--------+--------+--------+--------+--------+-----+--------+

Top non-repeatable levels by time:
  Lair:6: 3659 daAuts
    D:10: 2577 daAuts
     D:4: 2537 daAuts
Shoals:2: 2185 daAuts
Shoals:3: 2067 daAuts
     D:7: 2066 daAuts
     D:9: 1962 daAuts
     D:6: 1955 daAuts
    D:14: 1950 daAuts
    D:12: 1912 daAuts
    D:13: 1901 daAuts
  Lair:1: 1809 daAuts
  Lair:5: 1564 daAuts
  Lair:4: 1533 daAuts
Shoals:1: 1425 daAuts
